 Dungeon Crawl Stone Soup version 0.24.0-13-gcf9b3192b9 (webtiles) character file.

Game seed: 1470401047704579275, levelgen mode: deterministic

40529 Linguinho the Grappler (level 13, -26/139 HPs)
             Began as a Troll Fighter on Nov 10, 2019.
             Was the Champion of the Shining One.
             Blown up by a great orb of eyes (38 damage)
             ... with a disintegration bolt
             ... while paralysed by a great orb of eyes
             ... on level 15 of the Dungeon.
             The game lasted 00:35:15 (14356 turns).

Linguinho the Grappler (Troll Fighter)             Turns: 14356, Time: 00:35:16

Health: -26/139    AC:  9    Str: 29    XL:     13   Next: 75%
Magic:  12/12      EV:  1    Int:  4    God:    the Shining One [******]
Gold:   1921       SH:  0    Dex: 20    Spells: 12/12 levels left

rFire    + + +     SeeInvis .     - Unarmed
rCold    + . .     Gourm    +   J - +2 shield
rNeg     + + +     Faith    .   B - +0 robe {rC+ rF+}
rPois    +         Spirit   .   (helmet restricted)
rElec    .         Reflect  .   m - +2 cloak
rCorr    .         Harm     .   (gloves unavailable)
MR       .....                  (boots unavailable)
Stlth    +.........             n - amulet of the acrobat
HPRegen  0.73/turn              O - ring "Tidoope" {Fire *Slow rPois Dex+7}
MPRegen  0.13/turn              R - ring of Viyzac {rF+ rC+ MR- Str+2}

@: paralysed, glowing
A: large, unfitting armour, claws 3, talons 1, fast metabolism 3, gourmand,
mutation resistance 1, regeneration 1, shaggy fur 1, tough skin 3, no potion
heal 1
a: Divine Shield, Cleansing Flame, Summon Divine Warrior, Brand Weapon With Holy
Wrath, Renounce Religion


You were on level 15 of the Dungeon.
You worshipped the Shining One.
The Shining One was exalted by your worship.
You were not hungry.

You visited 3 branches of the dungeon, and saw 17 of its levels.
You also visited: Ossuary and Gauntlet.

You collected 1971 gold pieces.
You spent 50 gold pieces at shops.

Inventory:

Hand Weapons
 a - a +1 spear of piercing
Missiles
 y - 29 boomerangs (quivered)
 E - 13 silver javelins
 U - 2 throwing nets
Armour
 m - a +2 cloak (worn)
 B - a +0 robe of resistance (worn)
 J - a +2 shield (worn)
 S - a +2 robe of positive energy
Jewellery
 f - an uncursed amulet of rage
 n - an amulet of the acrobat (around neck)
 C - an uncursed ring of resist corrosion
 G - the ring "Geupipla" {+Blink rElec rN+ Int-4 SInv}
   (You took it off a minotaur in a Gauntlet)

   [ring of positive energy]

   It affects your intelligence (-4).
   It insulates you from electricity.
   It protects you from negative energy.
   It lets you see invisible.
   It lets you blink.
 I - an uncursed ring of flight
 L - an uncursed ring of protection from magic {unknown}
 O - the ring "Tidoope" (left claw) {Fire *Slow rPois Dex+7}
   (You found it in a Gauntlet)

   [ring of fire]

   It enhances your fire magic.
   It affects your dexterity (+7).
   It protects you from fire.
   It makes you vulnerable to cold.
   It protects you from poison.
   It may slow you when you take damage.
 P - an uncursed ring of ice
 R - the ring of Viyzac (right claw) {rF+ rC+ MR- Str+2}
   (You found it in a Gauntlet)

   [ring of protection from cold]

   It affects your strength (+2).
   It protects you from fire.
   It protects you from cold.
   It affects your resistance to hostile enchantments.
 V - an uncursed ring of protection from cold
Wands
 h - a wand of digging (10)
 p - a wand of disintegration (14)
 t - a wand of flame (49)
 A - a wand of polymorph (5)
 Q - a wand of paralysis (12)
 T - a wand of iceblast (7)
Scrolls
 b - 2 scrolls of noise {unknown}
 c - a scroll of torment {unknown}
 e - 13 scrolls of fog
 i - 3 scrolls of magic mapping
 j - 3 scrolls of fear
 k - 11 scrolls of remove curse
 l - a scroll of blinking {unknown}
 u - 2 scrolls of immolation {unknown}
 v - 5 scrolls of teleportation
 w - 2 scrolls of random uselessness {unknown}
 z - a scroll of enchant armour {unknown}
 F - a scroll of summoning {unknown}
 H - 3 scrolls of enchant weapon {unknown}
 M - a scroll of silence {unknown}
 N - a scroll of holy word {unknown}
Potions
 g - 7 potions of curing
 o - a potion of invisibility
 q - 3 potions of heal wounds
 r - a potion of agility {unknown}
 s - 3 potions of flight
 x - 2 potions of degeneration
 D - 2 potions of ambrosia
 K - a potion of brilliance
Comestibles
 d - 28 rations


   Skills:
 + Level 11.8 Fighting
 + Level 11.1 Throwing
 - Level 2.4 Dodging
 - Level 9.0 Shields
 - Level 12.1 Unarmed Combat


You had 12 spell levels left.
You didn't know any spells.
Your spell library contained the following spells:

 Spells                   Type           Power        Failure   Level  Hunger
 Animate Skeleton         Necr           N/A          50%         1    ##.....
 Apportation              Tloc           #.....       50%         1    ##.....
 Confusing Touch          Hex            #.....       50%         1    ##.....
 Freeze                   Ice            #...         50%         1    ##.....
 Summon Small Mammal      Summ           #...         50%         1    ##.....
 Throw Frost              Conj/Ice       #.....       65%         2    ###....
 Ozocubu's Armour         Chrm/Ice       #.......     86%         3    ####...
 Summon Ice Beast         Ice/Summ       #.......     99%         4    #####..
 Throw Icicle             Conj/Ice       #.......     99%         4    #####..


Dungeon Overview and Level Annotations

Branches:
Dungeon (13/15)            Temple (1/1) D:6            Lair (0/6) D:11
    Orc (2/2) D:12            Elf (0/3) Orc:2        Depths (0/5) D:15
Ossuary (visited)         Gauntlet (visited)
 Vaults: D:13-14

Altars:
Ashenzari
Dithmenos
Elyvilon
Fedhas
Hepliaklqana
Kikubaaqudgha
Makhleb
Nemelex Xobeh
Ru
Trog
Uskayaw
Vehumet
Wu Jian
The Shining One

Shops:
D:6 [   D:9 *:   D:12 (   Orc:2 (?[((

Portals:
Trove: D:13 (give 6 scrolls of blinking)

Annotations:
D:10 Joseph


Innate Abilities, Weirdness & Mutations

You are too large for most types of armour.
You have claws for hands.
Your metabolism is lightning-fast.
You like to eat raw meat.
Your natural rate of healing is unusually fast.
You are covered in fur. (AC +1)
You have extremely tough skin. (AC +3)
You have sharp toenails.
You are somewhat resistant to further mutation.
Potions are less effective at restoring your health.


Message History

The great orb of eyes closely misses you.
Throwing (i - inventory. (/) - cycle)
y - 29 boomerangs (quivered)
Press: ? - help, Shift-Dir - straight line, f/p - great orb of eyes
Aim: a great orb of eyes (severely wounded, haloed)
You throw a boomerang. The great orb of eyes bites you!
* * * LOW HITPOINT WARNING * * *
Throwing (i - inventory. (/) - cycle)
y - 29 boomerangs (quivered)
Press: ? - help, Shift-Dir - straight line, f/p - great orb of eyes
Aim: a great orb of eyes (severely wounded, haloed)
You throw a boomerang. The great orb of eyes gazes at you.
You suddenly lose the ability to move!
The great orb of eyes bites you!!
* * * LOW HITPOINT WARNING * * *
The great orb of eyes bites you!
* * * LOW HITPOINT WARNING * * *
You feel less confused. The great orb of eyes gazes at you.
You are blasted!
You die...

......+...##
......##..#####
#......#'###(<#
.#.....).#.).)######
.........+.<..##$:[##
....#....##...#.....#
.....#....#(###.....#
...≈≈.#.......##...#
...≈≈≈.#.......#@#'#...
##.≈≈≈.......))(G....)..
#................#.....
###.....#..............
##.....#........#....
###.................
##............#...
+............. .
.............#


You could see a great orb of eyes.

Vanquished Creatures
  An orc warlord (Orc:1)
  Azrael (D:15)
  A minotaur (Gauntlet)
  An ettin (D:15)
  Josephine (D:10)
  A great orb of eyes (D:15)
  Fannar (D:11)
  A vault guard (D:15)
  A catoblepas (Gauntlet)
  A two-headed ogre (D:12)
  A queen ant (D:9)
  A centaur warrior (D:15)
  An orc high priest (Orc:1)
  A fire crab (Gauntlet)
  2 unseen horrors
  A deep elf archer (D:15)
  2 orc knights (Orc:2)
  Pikel (D:4)
  An orc sorcerer (Orc:1)
  A cyclops (D:13)
  An oklob plant (Orc:1)
  A slime creature (D:13)
  2 ugly things
  2 molten gargoyles (Gauntlet)
  A guardian serpent (shapeshifter) (D:13)
  4 gargoyles
  A kobold demonologist (D:11)
  7 trolls
  3 hornets
  4 hippogriffs
  2 vampires
  23 yaks
  5 wraiths (D:10)
  3 fire bats (Gauntlet)
  A wyvern (D:13)
  2 hungry ghosts
  4 fire elementals (D:15)
  A basilisk (D:11)
  2 vampire mosquitoes (D:12)
  3 soldier ants (D:9)
  Edmund (D:6)
  4 wargs
  A water moccasin (D:9)
  6 hell hounds
  Duvessa (D:4)
  34 orc warriors
  7 sky beasts
  2 hornet zombies
  2 ice beasts
  A black bear (D:11)
  3 phantoms
  10 ogres
  3 eyes of draining
  19 centaurs
  A necrophage (D:8)
  A crocodile (D:10)
  7 bullfrogs
  An elf zombie (Ossuary)
  2 big kobolds
  A wyvern zombie (D:7)
  Dowan (D:4)
  2 scorpions
  9 killer bees
  An electric eel (D:13)
  3 wights (D:9)
  A howler monkey (D:8)
  6 crimson imps
  2 centaur zombies
  3 bullfrog zombies
  2 human zombies (Ossuary)
  4 jellies
  15 orc priests
  7 hounds
  A bullfrog skeleton (D:13)
  4 centaur skeletons
  Jessica (D:2)
  Ijyb (D:3)
  12 iguanas
  10 orc wizards
  Natasha (twice) (D:3)
  Terence (D:3)
  31 worker ants
  3 big kobold zombies (Ossuary)
  2 mummies (Ossuary)
  A worker ant zombie (D:5)
  Robin (D:3)
  6 gnolls (D:8)
  9 adders
  4 shadow imps
  An adder zombie (D:5)
  2 adder skeletons
  2 worms
  2 dart slugs
  A leopard gecko (D:3)
  70 orcs
  6 giant cockroaches
  20 goblins
  8 hobgoblins
  10 jackals
  3 quokkas
  3 ball pythons
  7 bats
  2 frilled lizards
  11 hobgoblin zombies (Ossuary)
  20 kobolds
  10 kobold zombies (Ossuary)
  A leopard gecko zombie (D:5)
  7 orc zombies (Ossuary)
  A quokka skeleton (D:7)
  11 rats
  2 rat zombies (Ossuary)
546 creatures vanquished.

Vanquished Creatures (others)
  A human (D:13)
  An adder (D:4)
  An orc (D:4)
3 creatures vanquished.

Grand Total: 549 creatures vanquished

Notes
Turn   | Place    | Note
-------+----------+-------------------------------------------
     0 | D:1      | Linguinho the Troll Fighter began the quest for the Orb.
     0 | D:1      | Reached XP level 1. HP: 22/22 MP: 0/0
   252 | D:1      | Reached XP level 2. HP: 29/29 MP: 1/1
   882 | D:2      | Noticed Jessica
   889 | D:2      | Killed Jessica
   889 | D:2      | Reached skill level 3 in Unarmed Combat
   889 | D:2      | Reached XP level 3. HP: 36/36 MP: 2/2
  1002 | D:2      | Reached XP level 4. HP: 44/44 MP: 3/3
  1345 | D:2      | Found a faded altar of an unknown god.
  1608 | D:3      | Noticed Ijyb
  1618 | D:3      | Killed Ijyb
  1879 | D:3      | You fall into a shaft and drop 2 floors!
  1879 | D:5      | Entered Level 5 of the Dungeon
  1891 | D:5      | Reached XP level 5. HP: 53/53 MP: 4/4
  2070 | D:4      | Noticed a slave
  2071 | D:4      | Noticed Pikel
  2076 | D:4      | Noticed a slave
  2077 | D:4      | Noticed a slave
  2079 | D:4      | Noticed a slave
  2087 | D:4      | Killed Pikel
  2087 | D:4      | Reached skill level 5 in Unarmed Combat
  2087 | D:4      | Reached XP level 6. HP: 62/62 MP: 5/5
  2087 | D:4      | Reached XP level 7. HP: 68/68 MP: 6/6
  2334 | D:3      | Noticed Robin
  2372 | D:3      | Killed Robin
  2480 | D:3      | Found a sacrificial altar of Ru.
  2518 | D:3      | Noticed Terence
  2524 | D:3      | Killed Terence
  2541 | D:3      | Noticed Natasha
  2562 | D:3      | Killed Natasha
  2562 | D:3      | Reached skill level 5 in Shields
  2721 | D:3      | Noticed Natasha
  2726 | D:3      | Killed Natasha
  3259 | D:4      | Noticed Dowan
  3260 | D:4      | Noticed Duvessa
  3269 | D:4      | Killed Duvessa
  3269 | D:4      | Reached skill level 6 in Unarmed Combat
  3270 | D:4      | Killed Dowan
  3270 | D:4      | Reached XP level 8. HP: 78/78 MP: 7/7
  4514 | D:6      | Reached skill level 7 in Unarmed Combat
  4618 | D:6      | Noticed Edmund
  4633 | D:6      | Killed Edmund
  4654 | D:6      | Found a staircase to the Ecumenical Temple.
  4707 | Temple   | Entered the Ecumenical Temple
  4737 | Temple   | Became a worshipper of the Shining One
  4924 | D:6      | Found Rinlev's Armour Boutique.
  5187 | D:7      | Noticed a hippogriff
  5195 | D:7      | Killed a hippogriff
  5195 | D:7      | Reached skill level 5 in Fighting
  5195 | D:7      | Reached XP level 9. HP: 82/88 MP: 8/8
  5242 | D:7      | Reached skill level 8 in Unarmed Combat
  5682 | D:7      | Reached * piety under the Shining One
  6141 | D:8      | Found a sand-covered staircase.
  6146 | Ossuary  | Entered an ossuary
  6185 | Ossuary  | Reached ** piety under the Shining One
  6263 | Ossuary  | Reached *** piety under the Shining One
  6405 | D:8      | Reached skill level 9 in Unarmed Combat
  6449 | D:8      | Reached **** piety under the Shining One
  6555 | D:8      | Reached XP level 10. HP: 98/98 MP: 9/9
  7131 | D:9      | Noticed a queen ant
  7145 | D:9      | Killed a queen ant
  7145 | D:9      | Reached skill level 1 in Throwing
  7145 | D:9      | Reached skill level 10 in Unarmed Combat
  7391 | D:9      | Found Plog's Book Boutique.
  7420 | D:9      | Found Kyuzeniu's Magic Scroll Shoppe.
  7469 | D:9      | Noticed a gargoyle
  7479 | D:9      | Killed a gargoyle
  7479 | D:9      | Reached skill level 11 in Unarmed Combat
  7479 | D:9      | Reached XP level 11. HP: 103/107 MP: 10/10
  7559 | D:9      | Found Sonyvyaq's General Store.
  7562 | D:9      | Bought a scroll of identify for 20 gold pieces
  7562 | D:9      | Bought a potion of lignification for 30 gold pieces
  7820 | D:10     | Entered Level 10 of the Dungeon
  7823 | D:10     | Reached ***** piety under the Shining One
  7911 | D:10     | Noticed an unseen horror
  7928 | D:10     | Killed an unseen horror
  8025 | D:10     | Noticed Joseph
  8283 | D:10     | Noticed Josephine
  8307 | D:10     | Killed Josephine
  8557 | D:11     | Noticed Fannar
  8579 | D:11     | Killed Fannar
  8579 | D:11     | Reached skill level 12 in Unarmed Combat
  8633 | D:11     | Got a bloodstained battleaxe
  8651 | D:11     | Identified the cursed +1 battleaxe "Troll's Foe" {chop,
                  | *Slow rN++ Str+4} (You found it on level 11 of the Dungeon)
  8723 | D:11     | Reached skill level 5 in Throwing
  8865 | D:11     | Found a staircase to the Lair.
  9389 | D:12     | Found a staircase to the Orcish Mines.
  9550 | D:12     | Noticed a two-headed ogre
  9565 | D:12     | Killed a two-headed ogre
  9579 | D:12     | Reached XP level 12. HP: 65/122 MP: 11/11
  9976 | D:12     | Got an ichor-stained battleaxe
 10090 | D:12     | Found Sylim's Antique Weapon Boutique.
 10361 | Orc:1    | Entered Level 1 of the Orcish Mines
 10495 | Orc:1    | Noticed an orc high priest
 10503 | Orc:1    | Killed an orc high priest
 10942 | Orc:2    | Entered Level 2 of the Orcish Mines
 10942 | Orc:2    | Noticed an orc warlord
 11037 | Orc:1    | Killed an orc warlord
 11140 | Orc:1    | Reached skill level 10 in Fighting
 11891 | Orc:2    | Reached XP level 13. HP: 135/135 MP: 12/12
 11969 | Orc:2    | Found a bloodstained altar of Trog.
 11974 | Orc:2    | Found a staircase to the Elven Halls.
 12070 | Orc:2    | Found Zeat Pia's Antique Weapon Boutique.
 12190 | Orc:2    | Found Sanuc's Armour Boutique.
 12190 | Orc:2    | Found Itioximo's Antique Weapon Emporium.
 12192 | Orc:2    | Found Imariz Cometz's Antique Weapon Shoppe.
 12194 | Orc:2    | Found Yffenacvoan's Magic Scroll Shop.
 12481 | D:13     | Found a gate leading to a gauntlet.
 12602 | Gauntlet | Entered a Gauntlet
 12602 | Gauntlet | Found a transporter.
 12605 | Gauntlet | Found a transporter.
 12608 | Gauntlet | Noticed a green death
 12608 | Gauntlet | Reached ****** piety under the Shining One
 12609 | Gauntlet | Found a transporter.
 12612 | Gauntlet | Found a transporter.
 12612 | Gauntlet | Found a transporter.
 12613 | Gauntlet | Found a transporter.
 12622 | Gauntlet | Found a transporter.
 12622 | Gauntlet | Found a transporter.
 12632 | Gauntlet | Noticed a blizzard demon
 12649 | Gauntlet | Found a transporter.
 12649 | Gauntlet | Found a transporter.
 12657 | Gauntlet | Found a transporter.
 12696 | Gauntlet | Found a transporter.
 13086 | Gauntlet | Got a scintillating jade ring
 13103 | Gauntlet | Identified the ring "Tidoope" {Fire *Slow rPois Dex+7} (You
                  | found it in a Gauntlet)
 13109 | Gauntlet | Identified the cursed +1 battleaxe "Piuthid" {freeze,
                  | Dex+4} (You found it on level 12 of the Dungeon)
 13127 | Gauntlet | Reached skill level 10 in Throwing
 13157 | Gauntlet | Got a heavily runed lapis lazuli ring
 13165 | Gauntlet | Identified the ring of Viyzac {rF+ rC+ MR- Str+2} (You
                  | found it in a Gauntlet)
 13245 | Gauntlet | Identified the +5 great mace of Disaster {vamp, rPois}
 13245 | Gauntlet | Identified the ring "Geupipla" {+Blink rElec rN+ Int-4
                  | SInv}
 13245 | Gauntlet | Noticed a minotaur
 13277 | Gauntlet | Gained mutation: You are somewhat resistant to further
                  | mutation. [potion of mutation]
 13277 | Gauntlet | Gained mutation: Potions are less effective at restoring
                  | your health. [potion of mutation]
 13277 | Gauntlet | Gained mutation: You have sharp toenails. [potion of
                  | mutation]
 13501 | Gauntlet | Killed a minotaur
 13897 | D:13     | Found a portal to a secret trove of treasure.
 13957 | D:13     | You fall into a shaft and drop 2 floors!
 13957 | D:15     | Entered Level 15 of the Dungeon
 13957 | D:15     | Found a staircase to the Depths.
 13957 | D:15     | Noticed an ettin
 13963 | D:15     | Killed an ettin
 14127 | D:15     | Paralysed by a great orb of eyes for 3 turns
 14284 | D:15     | Noticed Azrael
 14296 | D:15     | Killed Azrael
 14342 | D:15     | Paralysed by a great orb of eyes for 2 turns
 14353 | D:15     | Paralysed by a great orb of eyes for 3 turns
 14356 | D:15     | Blown up by a great orb of eyes

Levels and vault maps discovered:
D:1:      nzn_arrival_water_spiral, layout_loops_ring
D:2:      minmay_skewed_foursquare, layout_loops_corners,
          chequers_ecumenical_altar_island, uniq_jessica
D:3:      kb_forest_paths, layout_basic, old_standard_altar, uniq_terence,
          uniq_ijyb, uniq_natasha, uniq_robin
D:4:      cheibrodos_greedy_goblins, layout_basic, first_ration,
          saegor_snake_ambush, uniq_duvessa, uniq_pikel
D:5:      layout_gridville, hex_medium, supply_closet_lemuel
D:6:      layout_gridville, minmay_temple_entry_mist, serial_shops,
          kennysheep_mini_moat, uniq_edmund
D:7:      minmay_recursive_quarters, layout_layer_cave
D:8:      layout_loops_ring, nicolae_ossuary_entry_ruins, grunt_ogre_cave
D:9:      layout_rooms, serial_shops, kennysheep_mini, kennysheep_little_box,
          shop, minmay_another_anthill
D:10:     layout_gridville, uniq_joseph, uniq_josephine
D:11:     layout_irregular_city, lair_entry_dummy, uniq_fannar
D:12:     layout_cave_pools, orc_0_dummy, serial_shops, shop,
          kennysheep_pointless_box, wad_rectangle_vault
D:13:     layout_basic, ximxim_vaults_locker_room, enter_trove_2,
          gauntlet_entry_generic, kennysheep_generic_room_8
D:15:     hangedman_spin_cycle
Temple:   compressed_dpeg_triangle_lava_temple
Orc:1:    layout_caves, mines3_lemuel
Orc:2:    st_orc_rangers, layout_caves, serial_shops, nicolae_shop_statue_plus,
          bloody_trog

Skill      XL: |  1  2  3  4  5  6  7  8  9 10 11 12 13 |
---------------+----------------------------------------+-----
Shields        | 3 4 5 6 8 9 |  9.0
Unarmed Combat | 3 5 6 7 9 11 12 | 12.1
Fighting       | 3 4 5 6 8 10 11 | 11.8
Throwing       | 3 6 9 11 | 11.1
Dodging        | |  2.4

Action                   |  1- 3 |  4- 6 |  7- 9 | 10-12 | 13-15 || total
-------------------------+-------+-------+-------+-------+-------++-------
Melee: Unarmed           |   105 |    57 |   523 |   641 |   205 ||  1531
       Kick              |       |       |       |       |    54 ||    54
Throw: Boomerang         |       |       |       |   106 |    60 ||   166
       Javelin           |       |       |       |       |     6 ||     6
       Large rock        |       |       |       |       |     4 ||     4
Invok: Divine Shield     |       |       |       |       |     1 ||     1
  Use: Scroll            |       |     4 |       |     8 |     4 ||    16
       Potion            |       |       |       |     3 |     5 ||     8
 Stab: Sleeping          |     1 |       |     1 |       |       ||     2
  Eat: Chunk             |    11 |    10 |    45 |    54 |    17 ||   137
Armor: Robe              |    32 |    15 |   124 |    97 |    29 ||   297
       Skin              |       |       |       |    11 |       ||    11
Dodge: Dodged            |    30 |    15 |   152 |   198 |   104 ||   499
Block: Shield            |    42 |    16 |   242 |   383 |   156 ||   839
